 Dungeon Crawl Stone Soup version 0.29.1-1-gd02db69 (webtiles) character file.

Game seed: 16685049459055806475

1943 Kel the Cleaver (level 9, -1/76 HPs)
             Began as a Gargoyle Berserker on Dec 7, 2022.
             Was a Priest of Trog.
             Slain by an ogre
             ... wielding a +0 giant club
              (25 damage)
             ... on level 6 of the Dungeon.
             The game lasted 00:11:09 (6929 turns).

Kel the Cleaver (Gargoyle Berserker)                Turns: 6929, Time: 00:11:09

Health: -1/76      AC: 18    Str: 25    XL:     9   Next: 18%
Magic:  0/27       EV:  7    Int:  8    God:    Trog [***...]
Gold:   263        SH:  0    Dex:  9    Spells: 8/8 levels left

rFire   . . .      SeeInvis .   C - +0 war axe (vorpal)
rCold   . . .      Faith    .   d - orb {mayhem}
rNeg    + . .      Spirit   +   G - +0 plate armour
rPois   ∞          Reflect  .   e - +0 helmet
rElec   +          Harm     .   (no cloak)
rCorr   .          Rampage  .   (no gloves)
Will    .....                   (no boots)
Stlth   ..........              c - amulet of guardian spirit
HPRegen 0.22/turn               m - ring of magical power
MPRegen 0.20/turn               a - ring of magical power

@: berserking (expiring), very quick
A: sickness immunity, AC +6, negative energy resistance 1, electricity
resistance, torment resistance 1, petrification resistance
a: Renounce Religion, Berserk, Trog's Hand


You were on level 6 of the Dungeon.
You worshipped Trog.
Trog was most pleased with you.
You visited 1 branch of the dungeon, and saw 6 of its levels.

You collected 263 gold pieces.

Inventory:

Hand Weapons
 q - a +1 hand axe of flaming
 C - a +0 vorpal war axe (weapon)
Missiles
 H - a throwing net (quivered)
Armour
 d - an orb of mayhem (worn)
 e - a +0 helmet (worn)
 G - a +0 plate armour (worn)
Jewellery
 a - a ring of magical power (right hand)
 c - an amulet of guardian spirit (around neck)
 m - a ring of magical power (left hand)
Wands
 s - a wand of polymorph (10)
 x - a wand of flame (13)
 E - a wand of iceblast (8)
 F - a wand of mindburst (12)
Scrolls
 g - 9 scrolls of identify {unknown}
 h - a scroll of poison {unknown}
 i - a scroll of torment {unknown}
 j - 2 scrolls of fear {unknown}
 p - 3 scrolls of teleportation {unknown}
 r - 2 scrolls of silence {unknown}
 t - a scroll of summoning {unknown}
 y - a scroll of immolation {unknown}
 z - 2 scrolls of amnesia {unknown}
 A - a scroll of vulnerability {unknown}
 I - a scroll of blinking {unknown}
Potions
 b - 4 potions of curing {unknown}
 f - a potion of attraction
 k - a potion of lignification {unknown}
 l - 3 potions of brilliance {unknown}
 n - 2 potions of mutation {unknown}
 o - a potion of invisibility {unknown}
 u - a potion of magic {unknown}
 v - 4 potions of heal wounds {unknown}
 w - 4 potions of degeneration {unknown}
 B - 2 potions of might {unknown}
 D - a potion of berserk rage {unknown}


   Skills:
 - Level 3.2 Fighting
 + Level 11.1 Axes
 - Level 2.1 Armour
 - Level 1.5 Dodging


You had 8 spell levels left.
You didn't know any spells.
Your spell library was empty.

Dungeon Overview and Level Annotations

Branches:
Dungeon (6/15)             Temple (0/1) D:4

Altars:
Gozag
Okawaru


Innate Abilities, Weirdness & Mutations

You are immune to sickness and miasma.
Your stone body is resilient. (AC +6)
You are immune to poison.
You resist negative energy. (rN+)
You are resistant to electric shocks. (rElec)
You are resistant to unholy torment.
You are immune to petrification.


Message History

A jelly comes into view.
You barely miss the hound.
The hound is severely wounded.
You barely miss the ogre. The hound bites you but does no damage.
The ogre hits you with a +0 giant club!
The gnoll hits you from afar with a +0 spear.
The hound bites you but does no damage.
You closely miss the hound.
The hound is severely wounded.
You barely miss the ogre. The hound bites you.
The gnoll hits you but does no damage.
A red film seems to cover your vision as you go berserk!
You feel yourself moving faster!
You feel mighty! The hound completely misses you.
The ogre hits you with a +0 giant club. The gnoll hits you but does no damage.
The hound completely misses you.
You hit the hound.
The hound is severely wounded.
You slash the ogre! The ogre hits you with a +0 giant club!
The hound barely misses you. The gnoll barely misses you.
You slice the hound!!
You kill the hound!
Trog accepts your kill.
You slash the ogre! The gnoll hits you with a +0 spear.
You see here a hound corpse.
You slash the gnoll!
You kill the gnoll!
Trog accepts your kill.
The ogre flies into a frenzy!
You barely miss the jelly. The ogre hits you with a +0 giant club!
The jelly completely misses you. The ogre hits you with a +0 giant club!
You see here a +0 spear.
You slash the jelly!
Your hands burn!
The jelly is severely wounded.
The jelly hits you but does no damage.
You slice the jelly!!
You kill the jelly!
Trog accepts your kill.
The ogre hits you with a +0 giant club!!
You die...

### .. ##. ..#########
## #### ####........# .#
#..# ............#
.###..######...O....#
......##...#...†@...#
.#.....'...'...#'##.....
.#.###.#...###.#.# ...
.............<.... #
.#.#.#.######..#.#.
.#.#.#.. ...#'#.. .#.#
### ###.... .. .#.#
#........ .#.#


You could see a neutral ogre (fast, strong, insane).

Vanquished Creatures
  Pikel (D:6)
  A water moccasin (D:5)
  An orc warrior (D:6)
  A black bear (D:5)
  An ogre (D:5)
  2 lemures (D:6)
  2 phantoms
  A kobold brigand (D:6)
  A bullfrog (D:6)
  A gnoll sergeant (D:6)
  2 scorpions
  2 electric eels (D:3)
  3 hounds
  2 jellies (D:6)
  2 iguanas (D:4)
  Ijyb (D:5)
  Natasha (thrice) (D:2)
  3 orc wizards
  6 gnolls
  4 adders
  2 ufetubi
  2 worms
  4 dart slugs
  19 orcs
  7 ball pythons
  4 bats
  6 endoplasms
  3 giant cockroaches
  5 goblins
  6 hobgoblins
  8 kobolds
  5 quokkas
  4 frilled lizards
  8 rats
  A spectral goblin (D:2)
124 creatures vanquished.

Vanquished Creatures (collateral kills)
  2 gnolls (D:4)
  A kobold (D:6)
3 creatures vanquished.

Vanquished Creatures (others)
  An adder (D:4)
  An endoplasm (D:3)
  A plant (D:3)
3 creatures vanquished.

Grand Total: 130 creatures vanquished

Notes
Turn   | Place    | Note
-------+----------+-------------------------------------------
     0 | D:1      | Kel the Gargoyle Berserker began the quest for the Orb.
     0 | D:1      | Reached XP level 1. HP: 14/14 MP: 1/1
    85 | D:1      | Reached skill level 3 in Axes
    91 | D:1      | Reached XP level 2. HP: 10/19 MP: 2/2
   543 | D:1      | Reached XP level 3. HP: 23/23 MP: 3/3
   956 | D:2      | Reached ** piety under Trog
   970 | D:2      | Reached skill level 4 in Axes
  1259 | D:2      | Noticed Natasha
  1273 | D:2      | Killed Natasha
  1274 | D:2      | Reached XP level 4. HP: 17/28 MP: 4/4
  1661 | D:2      | Found a faded altar of an unknown god.
  1693 | D:2      | Noticed Natasha
  1699 | D:2      | Killed Natasha
  1701 | D:2      | Reached skill level 5 in Axes
  1701 | D:2      | Reached XP level 5. HP: 25/32 MP: 5/5
  2096 | D:2      | Noticed Natasha
  2099 | D:2      | Killed Natasha
  2188 | D:3      | Found a transporter.
  2352 | D:3      | Found an iron altar of Okawaru.
  2430 | D:3      | Found a transporter.
  2691 | D:3      | Reached skill level 6 in Axes
  2691 | D:3      | Reached XP level 6. HP: 13/37 MP: 6/6
  3223 | D:4      | Reached *** piety under Trog
  3592 | D:4      | Found a staircase to the Ecumenical Temple.
  4192 | D:4      | Reached skill level 7 in Axes
  4192 | D:4      | Reached XP level 7. HP: 37/41 MP: 7/7
  4919 | D:5      | Entered Level 5 of the Dungeon
  5032 | D:5      | Reached skill level 8 in Axes
  5164 | D:5      | Found an opulent altar of Gozag.
  5488 | D:5      | Reached XP level 8. HP: 46/46 MP: 8/8
  5544 | D:5      | Noticed Ijyb
  5552 | D:5      | Killed Ijyb
  5717 | D:5      | Reached skill level 9 in Axes
  5898 | D:6      | Noticed Pikel
  5921 | D:6      | Killed Pikel
  5922 | D:6      | Reached skill level 10 in Axes
  6279 | D:6      | Identified the +6 long sword of Circular Logic {drain,
                  | rElec rF- Str+9 Int-3}
  6290 | D:6      | Reached XP level 9. HP: 49/51 MP: 9/9
  6531 | D:6      | Reached skill level 11 in Axes
  6929 | D:6      | Slain by an ogre

Illustrated notes

Levels and vault maps discovered:
D:1:      dpeg_arrival_rooms_b, layout_basic
D:2:      kennysheep_six_static_rooms, layout_basic,
          dreamdust_ecumenical_altar_drowned_temple, uniq_natasha
D:3:      gammafunk_steamed_eel, layout_rooms, okawaru_ov_weapons_minmay
D:4:      layout_layer_cave, minmay_temple_entry_offerings, corexii_shack
D:5:      layout_basic, grunt_gozag_breadcrumbs, uniq_ijyb
D:6:      layout_basic, amcnicky_altar_gilded, uniq_grinder, uniq_pikel

Skill      XL: |  1  2  3  4  5  6  7  8  9 |
---------------+----------------------------+-----
Axes           | 3 4 5 6 7 8 10 11 | 11.1
Fighting       | |  3.2
Armour         | |  2.1
Dodging        | |  1.5

Action                   |  1- 3 |  4- 6 |  7- 9 || total
-------------------------+-------+-------+-------++-------
Melee: Hand axe          |    92 |   153 |       ||   245
       War axe           |       |     5 |   191 ||   196
Invok: Berserk           |     1 |       |     6 ||     7
  Use: Potion            |       |       |     1 ||     1
Armor: Animal skin       |    39 |     8 |       ||    47
       Chain mail        |       |    50 |    93 ||   143
       Ring mail         |       |     1 |       ||     1
       Plate armour      |       |       |    32 ||    32
Dodge: Dodged            |    58 |    58 |    84 ||   200
